 Dungeon Crawl Stone Soup version 0.31.0-11-ge490571c62 (webtiles) character file.

Game seed: 16040835299270115283

3475 hawla the Mimic (level 9, 0/41 HPs)
             Began as a Felid Shapeshifter on Jan 27, 2024.
             Was a Follower of Makhleb.
             Succumbed to a water moccasin's poison
             ... on level 8 of the Dungeon.
             The game lasted 00:12:18 (5990 turns).

hawla the Mimic (Felid Shapeshifter)                Turns: 5990, Time: 00:12:19

Health: 0/41       AC:  2    Str: 14    XL:     9   Next: 79%
Magic:  13/13      EV: 23    Int: 13    God:    Makhleb [*.....]
Gold:   330        SH:  5    Dex: 17    Spells: 8/8 levels left
                                        Lives:  0   Deaths: 3

rFire   . .          .
                       - Unarmed
rCold   . . .        (shield unavailable)
rNeg    . . .        (body armour unavailable)
rPois   .            (helmet unavailable)
rElec   .            (cloak unavailable)
rCorr   .            (gloves unavailable)
SInv    +            (boots unavailable)
Will    +....        a - amulet of reflection
Stlth   +            k - +4 ring of slaying
HPRegen 0.26/turn    (no ring)
MPRegen 0.13/turn

%: reflection
@: lethally poisoned (0 -> -13), flux-form, hasted, glowing, very quick
A: glow, contaminating, very small, claws 1, fangs 3, see invisible, shaggy fur
2, stealthy paws, no weapons or thrown items, no armour, multi-lived
a: Begin Untransformation, Renounce Religion


You were on level 8 of the Dungeon.
You worshipped Makhleb.
Makhleb was aware of your devotion.
You were something dangerously unstable.
You visited 2 branches of the dungeon, and saw 9 of its levels.

You collected 330 gold pieces.

Inventory:

Jewellery
 a - an amulet of reflection (around neck)
 k - a +4 ring of slaying (left paw)
 o - a ring of ice
Talismans
 b - a beast talisman
 c - a flux talisman (active)
 e - a blade talisman
Scrolls
 n - a scroll of silence
Potions
 d - a potion of heal wounds
 f - 2 potions of curing
 g - a potion of enlightenment
 h - a potion of might
 i - a potion of degeneration


   Skills:
 - Level 1.0 Fighting
 - Level 5.0 Dodging
 - Level 1.0 Stealth
 - Level 8.0 Unarmed Combat
 - Level 5.0 Invocations
 - Level 1.0 Evocations
 + Level 9.0 Shapeshifting


You had 8 spell levels left.
You didn't know any spells.
Your spell library was empty.

Dungeon Overview and Level Annotations

Branches:
Dungeon (8/15)             Temple (1/1) D:7
   Lair: D:8-11

Altars:
Dithmenos
Elyvilon
Fedhas
Gozag
Makhleb
Nemelex Xobeh
Qazlal
Ru
Sif Muna
Trog
Uskayaw
Vehumet
Wu Jian
Yredelemnul


Innate Abilities, Weirdness & Mutations

You are something dangerously unstable.
You glow with magical radiation, making you easy to see and hit.
Foes you strike become dangerously contaminated with magical radiation.
You have sharp claws.
You have razor-sharp teeth.
You have supernaturally acute eyesight. (SInv)
You are covered in thick fur. (AC +2)
Your paws help you pounce on unaware monsters.
You are incapable of wielding weapons or throwing items.
You cannot wear armour.
You gain extra lives every three experience levels.


Message History

* * * LOW HITPOINT WARNING * * *
You feel sick.
The kobold shouts!
The kobold throws a stone.
You block the stone with an invisible shield... and reflect it back!
The stone hits the kobold but does no damage.
The kobold brigand misses you.
A kobold comes into view. It is wielding a +0 short sword.
* * * LOW HITPOINT WARNING * * *
You feel sick.
The kobold shouts!
The water moccasin attacks as it pursues you!
The water moccasin completely misses you.
You feel better.
The kobold throws a stone.
The stone completely misses you.
The kobold brigand hits you with a +0 dagger!
* * * LOW HITPOINT WARNING * * *
The water moccasin barely misses you.
Found a scroll labelled DELUHOXZ YSUUSHI.
The kobold throws a stone.
The stone closely misses you.
The kobold brigand attacks as it pursues you!
The kobold brigand barely misses you.
The kobold brigand throws a poisoned dart.
The poisoned dart completely misses you.
The water moccasin attacks as it pursues you!
The water moccasin barely misses you.
The water moccasin stops glowing.
The water moccasin attacks as it pursues you!
The water moccasin completely misses you.
A wyvern comes into view.
The wyvern hisses angrily.
You hear a shout!
An orc wizard comes into view. It is wielding a +0 dagger.
The orc wizard shouts!
You hear a shout!
An orc warrior and an orc wizard come into view.
The orc warrior shouts!
The orc wizard shouts!
The water moccasin attacks as it pursues you!
The water moccasin bites you.
* * * LOW HITPOINT WARNING * * *
You are lethally poisoned!
The water moccasin poisons you!
You die...

... ##.#K.K.#..##
... .
...###.#.KY.Y.##
.#
.........Y##......
........K.##......
...............P..
..................
........S.........
......k...........
........p......P
..............P.
........<.......
.....#.o......P
.....#....P....
.....##oo......
.... ......P.. .#.
.........
####....♣


You could see 2 yaks, an orc warrior, a water moccasin, a wyvern, a kobold
brigand, 2 orc wizards and a kobold.

Vanquished Creatures
  Joseph (D:8)
  A shadow (D:7)
  3 yaks (D:7)
  A wyvern (D:7)
  A basilisk (D:7)
  An ice beast (D:6)
  2 orc warriors
  A sky beast (D:7)
  An ogre (D:7)
  2 phantoms (D:7)
  A centaur (D:8)
  A kobold brigand (D:7)
  3 bullfrogs
  A gnoll sergeant (D:7)
  4 scorpions
  3 killer bees (D:7)
  2 howler monkeys
  5 bombardier beetles
  2 jellies (D:6)
  4 orc priests
  A hound (D:6)
  3 iguanas
  5 orc wizards
  7 adders
  4 gnolls
  A ribbon worm (D:3)
  21 orcs
  3 bats
  5 endoplasms
  7 hobgoblins
  9 jackals
  10 kobolds
  7 quokkas
  3 ball pythons
  3 frilled lizards
  13 goblins
  5 rats
147 creatures vanquished.

Notes
Turn   | Place    | Note
-------+----------+-------------------------------------------
     0 | D:1      | hawla the Felid Shapeshifter began the quest for the Orb.
     0 | D:1      | Reached XP level 1. HP: 10/10 MP: 2/2
    52 | D:1      | Reached XP level 2. HP: 5/14 MP: 3/3
   972 | D:2      | Reached XP level 3. HP: 18/18 MP: 4/4
  1733 | D:3      | Reached XP level 4. HP: 19/22 MP: 5/5
  1733 | D:3      | Gained a life (2 lives remaining)
  1830 | D:3      | Reached skill level 5 in Unarmed Combat
  1919 | D:3      | Noticed a scorpion
  1928 | D:3      | Killed a scorpion
  1929 | D:3      | Reached XP level 5. HP: 23/25 MP: 6/6
  2090 | D:3      | Found a basalt altar of Yredelemnul.
  2166 | D:3      | Found a white marble altar of Elyvilon.
  2592 | D:4      | Gained mutation: You are covered in thick fur. (AC +2)
                  | [Felid growth]
  2592 | D:4      | Reached XP level 6. HP: 28/30 MP: 7/7
  2725 | D:4      | Slain by an iguana
  2725 | D:4      | Lost a life (1 life remaining)
  3274 | D:5      | Entered Level 5 of the Dungeon
  3308 | D:5      | Reached XP level 7. HP: 32/33 MP: 8/8
  3308 | D:5      | Gained a life (2 lives remaining)
  3321 | D:5      | Found a sacrificial altar of Ru.
  3498 | D:5      | Reached skill level 5 in Dodging
  4060 | D:6      | Reached skill level 1 in Evocations
  4060 | D:6      | Reached skill level 1 in Stealth
  4108 | D:6      | Reached skill level 3 in Shapeshifting
  4375 | D:6      | Reached skill level 4 in Shapeshifting
  4780 | D:7      | Reached XP level 8. HP: 35/37 MP: 9/9
  4799 | D:7      | Found a blossoming altar of Fedhas.
  4856 | D:7      | Reached skill level 5 in Shapeshifting
  4938 | D:7      | Found a staircase to the Ecumenical Temple.
  4944 | Temple   | Entered the Ecumenical Temple
  4950 | Temple   | Became a worshipper of Makhleb the Destroyer
  5009 | D:7      | Reached skill level 6 in Shapeshifting
  5252 | D:7      | Reached skill level 7 in Shapeshifting
  5252 | D:7      | Reached skill level 1 in Invocations
  5689 | D:7      | Found a sparkling altar of Nemelex Xobeh.
  5714 | D:7      | Reached XP level 9. HP: 41/41 MP: 12/12
  5769 | D:7      | HP: 2/41 [yak (3)]
  5770 | D:7      | Demolished by a yak
  5770 | D:7      | Lost a life (1 life remaining)
  5787 | D:7      | Reached skill level 5 in Invocations
  5806 | D:8      | Noticed Joseph
  5821 | D:7      | Reached * piety under Makhleb
  5825 | D:8      | Slain by an orc
  5825 | D:8      | Lost a life (0 lives remaining)
  5839 | D:8      | Reached skill level 8 in Shapeshifting
  5869 | D:8      | Killed Joseph
  5881 | D:8      | Reached skill level 9 in Shapeshifting
  5990 | D:8      | Succumbed to a water moccasin's poison

Illustrated notes

Levels and vault maps discovered:
D:1:      lemuel_arrival_rhombus, layout_basic, minmay_pentomino_r2
D:2:      cheibrodos_greedy_goblins, layout_basic, serial_curves,
          eino_curves_02, eino_curves_02, eino_curves_02, eino_curves_01,
          dreamdust_princess_bridge, nicolae_elevator_lobby_asterisk
D:3:      layout_loops_ring, kennysheep_ying_yang, minmay_distorted
D:4:      layout_basic, grunt_decor_resistance, minmay_misc_feat_five
D:5:      layout_layer_cave, nicolae_ru_awakened_eye
D:6:      layout_rooms, small_statue_intersection
D:7:      layout_loops_corners, nemelex_dance_club_becter, fedhas_altar_4,
          minmay_temple_entry_gardened_gates
D:8:      layout_cave_pools, kennysheep_mini, minmay_lair_entry_grove,
          uniq_joseph
Temple:   nicolae_temple_cloud_nine

Skill      XL: |  1  2  3  4  5  6  7  8  9 |
---------------+----------------------------+-----
Unarmed Combat | 4 6 8 |  8.0
Dodging        | 3 5 |  5.0
Evocations     | 1 |  1.0
Stealth        | 1 |  1.0
Shapeshifting  | 4 7 9 |  9.0
Invocations    | 3 5 |  5.0
Fighting       | |  1.0

Action                     |  1- 3 |  4- 6 |  7- 9 || total
---------------------------+-------+-------+-------++-------
  Melee: Unarmed           |    92 |   104 |   166 ||   362
         Bite              |     7 |    11 |    19 ||    37
         Punch             |       |     4 |     4 ||     8
  Evoke: Wand              |       |       |    15 ||    15
    Use: Potion            |     1 |     4 |     6 ||    11
         Scroll            |     2 |     1 |     8 ||    11
   Stab: Sleeping          |     2 |     2 |     1 ||     5
         Invisible         |       |     3 |       ||     3
 Armour: Skin              |    26 |    34 |    52 ||   112
  Dodge: Dodged            |    52 |    83 |   146 ||   281
  Block: Other             |       |     4 |    37 ||    41
         Reflection        |       |       |     7 ||     7
   Form: Flux              |       |       |     1 ||     1
